[Event "94th FRA-ch Accession 2019"]
[Site "Chartres"]
[Date "2019.08.23"]
[Round "7.5"]
[White "Laurent-Paoli, Pierre"]
[Black "Maurizzi, Marc Andria"]
[Result "1/2-1/2"]
[ECO "D30"]
[WhiteElo "2371"]
[BlackElo "2419"]
[Annotator "NA"]
[PlyCount "57"]
[EventDate "2019.08.17"]
[EventType "swiss"]
[EventCountry "FRA"]
[SourceTitle "playchess.com"]
[Source "ChessBase"]
[SourceQuality "1"]
[TimeControl "40/5400+30:1800+30"]

1. d4 Nf6 2. Nf3 e6 3. e3 d5 4. c4 a6 5. b3 c5 6. Bd3 cxd4 7. exd4 Nc6 8. Bb2 g6 9. O-O Bg7 10. Nbd2 O-O 11. Ne5 Bd7 12. Ndf3 Rc8 13. Re1 Qc7 14. Rc1 dxc4 15. bxc4 Rfd8 16. Qb3 Nxe5 17. dxe5 Nh5 18. g3 Bf8 19. Be4 Bc6 20. Ng5 Be7 21. h4 Ng7 22. Bxc6 Qxc6 23. Ne4 Nf5 24. c5 Rd5 25. Nd6 Rc7 26. Ne4 Rcd7 27. Nd6 Rc7 28. Ne4 Rcd7 29. Nd6 1/2-1/2

[Event "94th FRA-ch Accession 2019"]
[Site "Chartres"]
[Date "2019.08.23"]
[Round "7.6"]
[White "Gatineau, Yovann"]
[Black "Duboue, Peio"]
[Result "0-1"]
[ECO "B13"]
[WhiteElo "2363"]
[BlackElo "2413"]
[Annotator "NA"]
[PlyCount "48"]
[EventDate "2019.08.17"]
[EventType "swiss"]
[EventCountry "FRA"]
[SourceTitle "playchess.com"]
[Source "ChessBase"]
[SourceQuality "1"]
[TimeControl "40/5400+30:1800+30"]

1. d4 Nf6 2. Bf4 d5 3. e3 c5 4. Nc3 cxd4 5. exd4 a6 6. Nf3 Bg4 7. h3 Bxf3 8. Qxf3 e6 9. g4 Bb4 10. a3 Qa5 11. Bd2 Nc6 12. Bd3 Nxd4 13. Qf4 Nc6 14. O-O-O d4 15. Ne4 Bxd2+ 16. Rxd2 Nxe4 17. Bxe4 O-O 18. Bxc6 e5 19. Qe4 bxc6 20. Re1 c5 21. Qxe5 Rab8 22. Rd3 g6 23. b4 Qa4 24. bxc5 Rbe8 0-1

[Event "94th FRA-ch Accession 2019"]
[Site "Chartres"]
[Date "2019.08.24"]
[Round "8.1"]
[White "Bailet, Pierre"]
[Black "Lamard, Guillaume"]
[Result "1/2-1/2"]
[ECO "D02"]
[WhiteElo "2490"]
[BlackElo "2419"]
[Annotator "ChessBase"]
[PlyCount "61"]
[EventDate "2019.08.17"]
[EventType "swiss"]
[EventCountry "FRA"]
[SourceTitle "playchess.com"]
[Source "ChessBase"]
[SourceQuality "1"]
[TimeControl "40/5400+30:1800+30"]

1. Nf3 Nf6 2. g3 d5 3. Bg2 c6 4. O-O Bg4 5. d4 Nbd7 6. Nbd2 e6 7. Re1 Be7 8. e4 dxe4 9. Nxe4 O-O 10. c3 Bh5 11. Qb3 Qb6 12. Nxf6+ Bxf6 13. Bf4 Rfe8 14. Ne5 Bxe5 15. Bxe5 a5 16. c4 a4 17. Qc3 Nxe5 18. Rxe5 Bg6 19. Rae1 Rac8 20. c5 Qc7 21. Qb4 Ra8 22. d5 cxd5 23. Bxd5 Reb8 24. Bf3 Ra5 25. Qb6 Rc8 26. Qxc7 Rxc7 27. c6 Rxe5 28. Rxe5 bxc6 29. Ra5 Kf8 30. Rxa4 Ke7 31. Rc4 1/2-1/2

[Event "94th FRA-ch Accession 2019"]
[Site "Chartres"]
[Date "2019.08.24"]
[Round "8.2"]
[White "Demuth, Adrien"]
[Black "Stephan, Victor"]
[Result "1-0"]
[ECO "E14"]
[WhiteElo "2495"]
[BlackElo "2413"]
[Annotator "ChessBase"]
[PlyCount "141"]
[EventDate "2019.08.17"]
[EventType "swiss"]
[EventCountry "FRA"]
[SourceTitle "playchess.com"]
[Source "ChessBase"]
[SourceQuality "1"]
[TimeControl "40/5400+30:1800+30"]

1. d4 Nf6 2. Nf3 e6 3. c4 d5 4. e3 b6 5. b3 Bb7 6. Bb2 Bd6 7. Bd3 O-O 8. O-O Nbd7 9. Nc3 a6 10. Qe2 Qe7 11. Rad1 Ne4 12. Nd2 f5 13. f4 Ndf6 14. Nf3 Ng4 15. Bxe4 fxe4 16. Ne5 Nf6 17. Rc1 Rac8 18. Na4 dxc4 19. bxc4 Nd7 20. Nxd7 Qxd7 21. Qc2 Be7 22. Nc3 Qc6 23. Qb3 Rfd8 24. Rfd1 Qe8 25. c5 Qc6 26. cxb6 Qxb6 27. Qc2 Bd5 28. Nxd5 exd5 29. Bc3 c5 30. Qd2 Qe6 31. dxc5 Bxc5 32. Bd4 Bxd4 33. Qxd4 h6 34. h3 Kh7 35. Kh2 Rc6 36. Rc5 Rxc5 37. Qxc5 Rd6 38. Rd4 h5 39. Qa5 h4 40. Qe1 Qf6 41. Qd1 Qg6 42. Qg4 Qxg4 43. hxg4 g5 44. g3 hxg3+ 45. Kxg3 Kg6 46. Rd2 Rd7 47. Rd1 Rd6 48. Rd2 Rd8 49. a4 gxf4+ 50. Kxf4 Rf8+ 51. Ke5 Re8+ 52. Kf4 Rf8+ 53. Ke5 Re8+ 54. Kd4 Rc8 55. Ra2 Rd8 56. Rf2 Kg5 57. Rf4 a5 58. Rf5+ Kxg4 59. Rxd5 Rb8 60. Kxe4 Rb4+ 61. Rd4 Rb3 62. Rd5 Rb4+ 63. Rd4 Rb3 64. Ke5+ Kg5 65. e4 Ra3 66. Ke6 Kg6 67. e5 Rb3 68. Rg4+ Kh5 69. Rg8 Ra3 70. Kf5 Rf3+ 71. Ke4 1-0

[Event "94th FRA-ch Accession 2019"]
[Site "Chartres"]
[Date "2019.08.24"]
[Round "8.3"]
[White "Housieaux, David"]
[Black "Velten, Paul"]
[Result "1/2-1/2"]
[ECO "A29"]
[WhiteElo "2402"]
[BlackElo "2527"]
[Annotator "ChessBase"]
[PlyCount "102"]
[EventDate "2019.08.17"]
[EventType "swiss"]
[EventCountry "FRA"]
[SourceTitle "playchess.com"]
[Source "ChessBase"]
[SourceQuality "1"]
[TimeControl "40/5400+30:1800+30"]

1. c4 e5 2. g3 Nc6 3. Nc3 Nf6 4. Bg2 Bc5 5. Nf3 d6 6. O-O O-O 7. d3 h6 8. a3 a6 9. b4 Ba7 10. Bb2 Be6 11. e3 Qd7 12. Rc1 Bh3 13. d4 exd4 14. Nd5 Nxd5 15. Bxh3 Qxh3 16. cxd5 Ne5 17. Nxe5 dxe5 18. exd4 e4 19. Rxc7 Qf5 20. Qb3 Rab8 21. b5 axb5 22. Qxb5 Rfd8 23. Rxb7 Rxb7 24. Qxb7 Rb8 25. Qxa7 Rxb2 26. Qe7 Qxd5 27. Re1 f5 28. Rc1 Kh7 29. Qc5 Qf7 30. h3 Rb3 31. Rc3 Rb1+ 32. Kg2 Rd1 33. Qe5 Qf6 34. Rc5 Qxe5 35. dxe5 Kg6 36. e6 Kf6 37. e7 Kxe7 38. Rxf5 Ra1 39. Ra5 Kf6 40. g4 g5 41. Ra6+ Kg7 42. Ra8 Kh7 43. Ra4 Kg7 44. h4 gxh4 45. Rxe4 Rxa3 46. Re3 Rxe3 47. fxe3 h5 48. Kh3 hxg4+ 49. Kxh4 Kf6 50. Kxg4 Ke5 51. e4 Kxe4 1/2-1/2

[Event "94th FRA-ch Accession 2019"]
[Site "Chartres"]
[Date "2019.08.24"]
[Round "8.4"]
[White "Philippe, Guillaume"]
[Black "Joie, Sebastien"]
[Result "1/2-1/2"]
[ECO "C44"]
[WhiteElo "2321"]
[BlackElo "2413"]
[Annotator "NA"]
[PlyCount "160"]
[EventDate "2019.08.17"]
[EventType "swiss"]
[EventCountry "FRA"]
[SourceTitle "playchess.com"]
[Source "ChessBase"]
[SourceQuality "1"]
[TimeControl "40/5400+30:1800+30"]

1. e4 e5 2. Nf3 Nc6 3. Be2 Nf6 4. d3 d5 5. Nbd2 g5 6. O-O g4 7. Ne1 Bc5 8. c3 h5 9. Nb3 Bb6 10. exd5 Qxd5 11. Be3 Qd6 12. Nc2 Be6 13. c4 Bd4 14. Nbxd4 exd4 15. Bg5 Nh7 16. Bh4 f5 17. Qd2 f4 18. Rfe1 O-O 19. Bf1 Bf5 20. b4 b6 21. Rac1 Rae8 22. c5 bxc5 23. bxc5 Qd7 24. Rxe8 Qxe8 25. Re1 Be6 26. Nb4 Qd7 27. Nxc6 Qxc6 28. Re5 Rf5 29. Rxf5 Bxf5 30. Qxf4 Qxc5 31. Qh6 Qb6 32. Qxh5 Qe6 33. Bg3 c5 34. Qh4 Qf6 35. Qxf6 Nxf6 36. f3 gxf3 37. gxf3 Kf7 38. Bd6 Nd7 39. Kf2 Ke6 40. Bc7 Nf6 41. Ke1 Nd5 42. Ba5 Nf4 43. Kd2 Kd7 44. h4 Bg6 45. a3 Kc8 46. Kc2 c4 47. Bb4 Kb7 48. Bc5 Ne6 49. Bd6 Kc6 50. Be5 Kd5 51. f4 Nc5 52. Bg2+ Ke6 53. Bh3+ Kd5 54. Bg2+ Ke6 55. Bxd4 Nxd3 56. Kc3 Nxf4 57. Bf1 a5 58. Kxc4 Be8 59. Bb6 Ng6 60. Bf2 Ne5+ 61. Kc5 Nf3 62. Bh3+ Ke5 63. Bg3+ Ke4 64. Bg4 Nd4 65. h5 Nf5 66. Bc7 a4 67. Bh2 Nh6 68. Bd1 Kf5 69. Kb4 Ng4 70. Bg3 Bxh5 71. Bxa4 Ne3 72. Bd7+ Ke4 73. Bc6+ Kd3 74. a4 Nc2+ 75. Kc5 Nd4 76. Bd5 Bd1 77. a5 Nb3+ 78. Bxb3 Bxb3 79. a6 Bd1 80. a7 Bf3 1/2-1/2

[Event "94th FRA-ch Accession 2019"]
[Site "Chartres"]
[Date "2019.08.24"]
[Round "8.5"]
[White "Duboue, Peio"]
[Black "Travadon, Loic"]
[Result "1-0"]
[ECO "B27"]
[WhiteElo "2413"]
[BlackElo "2399"]
[Annotator "NA"]
[PlyCount "165"]
[EventDate "2019.08.17"]
[EventType "swiss"]
[EventCountry "FRA"]
[SourceTitle "playchess.com"]
[Source "ChessBase"]
[SourceQuality "1"]
[TimeControl "40/5400+30:1800+30"]

1. e4 c5 2. c3 g6 3. Nf3 Bg7 4. d4 cxd4 5. cxd4 d5 6. exd5 Nf6 7. Bb5+ Nbd7 8. d6 a6 9. Bxd7+ Qxd7 10. dxe7 Qxe7+ 11. Ne5 O-O 12. O-O Nd5 13. Nc3 Nxc3 14. bxc3 Be6 15. Bf4 Rac8 16. Qd2 Qa3 17. Rfc1 Rfd8 18. Nd3 Bf5 19. Be5 f6 20. Bf4 Qa4 21. Nb2 Qa3 22. Nd1 g5 23. Bg3 b5 24. h4 h6 25. Ne3 Bg6 26. f4 gxf4 27. Bxf4 h5 28. Nf1 a5 29. Bh6 Rd7 30. Bxg7 Rxg7 31. Qf4 Kh7 32. Qxf6 Rf8 33. Qe5 Rc8 34. Qf6 Rf8 35. Qe5 Qb2 36. Qe3 Bb1 37. Ng3 Bg6 38. Nf1 Bb1 39. Ng3 Rxg3 40. Qxg3 Qxc1+ 41. Kh2 Rf7 42. Qe5 b4 43. cxb4 axb4 44. Qxh5+ Kg8 45. Qe5 Qh6 46. Qg3+ Bg6 47. Re1 Rg7 48. Re6 Kh7 49. d5 Qd2 50. Qe5 Qh6 51. Qd4 Rf7 52. Qxb4 Qh5 53. Qd4 Bf5 54. Re5 Qg6 55. d6 Rg7 56. Qf2 Be4 57. g3 Kg8 58. Qf4 Bb7 59. Qc4+ Kh8 60. Rg5 Qf6 61. Rh5+ Rh7 62. Rxh7+ Kxh7 63. Qc7+ Kh6 64. Qxb7 Qxd6 65. Qg2 Qa3 66. Qc2 Kh5 67. Qe2+ Kh6 68. Qe6+ Kh5 69. Qb3 Qa6 70. Qf3+ Kh6 71. a3 Qb6 72. Kh3 Qe6+ 73. g4 Qe1 74. g5+ Kg7 75. h5 Qe6+ 76. Kh4 Qe1+ 77. Kh3 Qe6+ 78. Kg2 Qa2+ 79. Kg3 Qd2 80. Qb7+ Kg8 81. Qb8+ Kh7 82. g6+ Kg7 83. Qc7+ 1-0

[Event "94th FRA-ch Accession 2019"]
[Site "Chartres"]
[Date "2019.08.24"]
[Round "8.6"]
[White "Maurizzi, Marc Andria"]
[Black "Di Nicolantonio, Lucas"]
[Result "0-1"]
[ECO "B50"]
[WhiteElo "2419"]
[BlackElo "2394"]
[Annotator "NA"]
[PlyCount "76"]
[EventDate "2019.08.17"]
[EventType "swiss"]
[EventCountry "FRA"]
[SourceTitle "playchess.com"]
[Source "ChessBase"]
[SourceQuality "1"]
[TimeControl "40/5400+30:1800+30"]

1. e4 c5 2. Nf3 d6 3. Nc3 a6 4. g3 Nc6 5. Bg2 e5 6. O-O g6 7. d3 Bg7 8. Nh4 Nh6 9. Bd2 f6 10. f4 exf4 11. Bxf4 O-O 12. Qd2 Ng4 13. h3 Nge5 14. Nd5 Ne7 15. Nxe7+ Qxe7 16. c3 b5 17. b3 Bb7 18. d4 Nf7 19. Rfe1 b4 20. cxb4 cxd4 21. Rad1 Qd7 22. Qxd4 g5 23. Bxd6 Qxd6 24. Qxd6 Nxd6 25. Rxd6 gxh4 26. Rb6 Rab8 27. gxh4 f5 28. Rd6 fxe4 29. Bxe4 Bc3 30. Re2 Bxb4 31. Bxh7+ Kh8 32. Rh6 Kg7 33. Rh5 Bf3 34. Rg5+ Kxh7 35. Re6 Rbe8 36. Rxa6 Re1+ 37. Kh2 Rh1+ 38. Kg3 Be1# 0-1

[Event "94th FRA-ch Accession 2019"]
[Site "Chartres"]
[Date "2019.08.25"]
[Round "9.1"]
[White "Duboue, Peio"]
[Black "Demuth, Adrien"]
[Result "1/2-1/2"]
[ECO "B22"]
[WhiteElo "2413"]
[BlackElo "2495"]
[Annotator "ChessBase"]
[PlyCount "106"]
[EventDate "2019.08.17"]
[EventType "swiss"]
[EventCountry "FRA"]
[SourceTitle "playchess.com"]
[Source "ChessBase"]
[SourceQuality "1"]
[TimeControl "40/5400+30:1800+30"]

1. e4 c5 2. c3 d5 3. exd5 Qxd5 4. d4 Nc6 5. Nf3 Bf5 6. Be3 Nf6 7. Na3 e6 8. Qa4 cxd4 9. Nb5 O-O-O 10. Nbxd4 Nxd4 11. Qxd4 a6 12. Ne5 Bg6 13. Be2 Bd6 14. Nxg6 hxg6 15. Bf3 Qxd4 16. Bxd4 e5 17. Bb6 Bc7 18. Be3 Nd5 19. Bxd5 Rxd5 20. Rd1 Rxd1+ 21. Kxd1 Kd7 22. h3 Kc6 23. Kc2 Bb6 24. Bxb6 Kxb6 25. Rd1 Kc7 26. Rd5 f6 27. c4 Rh4 28. b3 g5 29. f3 e4 30. Rf5 exf3 31. Rxf3 Rd4 32. Re3 Kc6 33. g3 Rd8 34. g4 Rd4 35. Kc3 Rf4 36. Kb4 Rd4 37. a4 g6 38. a5 f5 39. gxf5 gxf5 40. Re8 Rd3 41. Rg8 Rg3 42. Rf8 f4 43. h4 gxh4 44. Rxf4 h3 45. Rh4 Rf3 46. Ka4 Rc3 47. Kb4 Rf3 48. Rh6+ Kc7 49. c5 Rg3 50. Kc4 Rg4+ 51. Kc3 Rg3+ 52. Kc4 Rg4+ 53. Kd5 Rg5+ 1/2-1/2

[Event "94th FRA-ch Accession 2019"]
[Site "Chartres"]
[Date "2019.08.25"]
[Round "9.2"]
[White "Lamard, Guillaume"]
[Black "Di Nicolantonio, Lucas"]
[Result "1/2-1/2"]
[ECO "B07"]
[WhiteElo "2419"]
[BlackElo "2394"]
[Annotator "ChessBase"]
[PlyCount "81"]
[EventDate "2019.08.17"]
[EventType "swiss"]
[EventCountry "FRA"]
[SourceTitle "playchess.com"]
[Source "ChessBase"]
[SourceQuality "1"]
[TimeControl "40/5400+30:1800+30"]

1. e4 g6 2. d4 Bg7 3. Nf3 d6 4. c3 Nf6 5. Bd3 O-O 6. O-O Nc6 7. h3 e5 8. Re1 h6 9. Na3 Nd7 10. Nc2 a5 11. Bb5 Kh8 12. dxe5 dxe5 13. b3 f5 14. Ba3 Re8 15. exf5 gxf5 16. Ne3 Nb6 17. Qxd8 Rxd8 18. Nh4 e4 19. Rad1 Bxc3 20. Rxd8+ Nxd8 21. Rc1 Bf6 22. Nhxf5 c6 23. Bf1 Nf7 24. Ng3 a4 25. Bc5 axb3 26. axb3 Nd7 27. Bb4 Ng5 28. h4 Nf7 29. Nxe4 Bxh4 30. Bc3+ Kh7 31. f4 Nb6 32. Bd4 Bd8 33. Nc5 Nd7 34. Bd3+ Kg8 35. Nc4 Nxc5 36. Bxc5 Bg4 37. Re1 Bf6 38. Re3 Rd8 39. Bg6 Kg7 40. Bxf7 Kxf7 41. Ne5+ 1/2-1/2

[Event "94th FRA-ch Accession 2019"]
[Site "Chartres"]
[Date "2019.08.25"]
[Round "9.3"]
[White "Velten, Paul"]
[Black "Philippe, Guillaume"]
[Result "1/2-1/2"]
[ECO "A80"]
[WhiteElo "2527"]
[BlackElo "2321"]
[Annotator "ChessBase"]
[PlyCount "103"]
[EventDate "2019.08.17"]
[EventType "swiss"]
[EventCountry "FRA"]
[SourceTitle "playchess.com"]
[Source "ChessBase"]
[SourceQuality "1"]
[TimeControl "40/5400+30:1800+30"]

1. d4 f5 2. Bg5 h6 3. Bh4 g5 4. Bg3 Nf6 5. e3 Bg7 6. Nc3 O-O 7. Bd3 d6 8. Qd2 Nc6 9. O-O-O a6 10. Nge2 Qe8 11. h4 g4 12. e4 fxe4 13. Nxe4 Nh5 14. Kb1 e5 15. d5 Ne7 16. f3 b5 17. Bf2 Nxd5 18. N4g3 c6 19. c3 Nxg3 20. Nxg3 Nf4 21. Bc2 d5 22. Bc5 Rf6 23. Ka1 Nh5 24. Nf1 gxf3 25. gxf3 Bf5 26. Bb3 Rd8 27. Ne3 Bg6 28. Ng4 Rxf3 29. Nxh6+ Kh7 30. Ng4 Qe6 31. Rhg1 Rd7 32. Rde1 e4 33. Bd4 Rg3 34. Bd1 Bf5 35. Ne3 Bxd4 36. cxd4 Rdg7 37. Rgf1 Bh3 38. Bxh5 Bxf1 39. Nxf1 Rg2 40. Qf4 Qh3 41. Rb1 a5 42. Ne3 Rg1 43. Bd1 a4 44. h5 a3 45. bxa3 Re1 46. Bg4 Qxe3 47. Bf5+ Kh8 48. Qb8+ Rg8 49. Qe5+ Rg7 50. Qb8+ Rg8 51. Qe5+ Rg7 52. Qb8+ 1/2-1/2

[Event "94th FRA-ch Accession 2019"]
[Site "Chartres"]
[Date "2019.08.25"]
[Round "9.5"]
[White "Joie, Sebastien"]
[Black "Housieaux, David"]
[Result "1/2-1/2"]
[ECO "A49"]
[WhiteElo "2413"]
[BlackElo "2402"]
[Annotator "ChessBase"]
[PlyCount "140"]
[EventDate "2019.08.17"]
[EventType "swiss"]
[EventCountry "FRA"]
[SourceTitle "playchess.com"]
[Source "ChessBase"]
[SourceQuality "1"]
[TimeControl "40/5400+30:1800+30"]

1. Nf3 Nf6 2. g3 g6 3. Bg2 Bg7 4. O-O O-O 5. d4 d6 6. b3 Bf5 7. Bb2 Nc6 8. d5 Nb4 9. Nd4 Be4 10. c4 c5 11. dxc6 Bxg2 12. Kxg2 Nxc6 13. Nc3 Qb6 14. Nc2 Rfd8 15. Ne3 e6 16. Rb1 Ne7 17. Qc2 a6 18. Kg1 Qc6 19. Rfc1 h5 20. Qd1 Rac8 21. Qf1 Ne4 22. Ned5 exd5 23. cxd5 Nxg3 24. dxc6 Nxf1 25. cxb7 Rb8 26. Kxf1 Rxb7 27. e3 Rb4 28. Rc2 Rh4 29. Kg2 Rg4+ 30. Kf3 Rc8 31. Rbc1 Rc5 32. Ba3 Rf5+ 33. Ke2 Rg2 34. Ne4 d5 35. Kf1 Rxh2 36. Ng3 Re5 37. Kg1 Rh4 38. Rc7 Nf5 39. Ne2 Nh6 40. Be7 Rg4+ 41. Kf1 Nf5 42. Rc8+ Kh7 43. Bc5 h4 44. Nf4 g5 45. Nd3 Re6 46. Rd8 d4 47. Rd5 dxe3 48. f3 Ng3+ 49. Kg2 Ne2+ 50. fxg4 Nxc1 51. Nxc1 e2 52. Nd3 e1=Q 53. Nxe1 Rxe1 54. Rxg5 Re2+ 55. Kf3 Rxa2 56. Rh5+ Kg6 57. Rxh4 Rc2 58. Be3 Rc3 59. g5 Bf8 60. b4 Rb3 61. Rh8 Bxb4 62. Ke4 a5 63. Rh6+ Kg7 64. Ra6 Bc3 65. Rc6 Bb2 66. Rc2 Rb4+ 67. Kd3 Rb3+ 68. Ke4 Rb4+ 69. Kd3 Kg6 70. Rc6+ Kg7 1/2-1/2

[Event "94th FRA-ch Accession 2019"]
[Site "Chartres"]
[Date "2019.08.25"]
[Round "9.6"]
[White "Travadon, Loic"]
[Black "Barseghyan, Harutyun"]
[Result "1-0"]
[ECO "A09"]
[WhiteElo "2399"]
[BlackElo "2519"]
[Annotator "ChessBase"]
[PlyCount "87"]
[EventDate "2019.08.17"]
[EventType "swiss"]
[EventCountry "FRA"]
[SourceTitle "playchess.com"]
[Source "ChessBase"]
[SourceQuality "1"]
[TimeControl "40/5400+30:1800+30"]

1. Nf3 d5 2. c4 dxc4 3. e3 Be6 4. b3 cxb3 5. axb3 Nf6 6. Bb2 Bg4 7. h3 Bxf3 8. Qxf3 c6 9. Nc3 Nbd7 10. g4 e6 11. g5 Nd5 12. Nxd5 cxd5 13. h4 Qb6 14. Qd1 Nc5 15. b4 Qxb4 16. Bc3 Qb3 17. Qc1 a6 18. Rb1 Qa4 19. Bxg7 Bxg7 20. Qxc5 Qc6 21. Qxc6+ bxc6 22. h5 a5 23. h6 Bf8 24. Bd3 Bb4 25. f4 Ke7 26. Ke2 c5 27. Bc2 a4 28. f5 a3 29. Ra1 Rag8 30. Rh5 exf5 31. Bxf5 f6 32. gxf6+ Kxf6 33. Bh3 Rg5 34. Rf1+ Kg6 35. Bf5+ Rxf5 36. Rhxf5 Kxh6 37. Rg1 Re8 38. Rxd5 Re6 39. Rh1+ Kg6 40. Rdh5 Re7 41. Rh6+ Kf5 42. Kf3 Rg7 43. R1h5+ Rg5 44. e4+ 1-0